XFBL
NEW YORK YANKEES @ BOSTON RED SOX
09/24/1982
 
TOP OF THE 1ST
New York Yankees batting - Pitching for Boston Red Sox : RHP Sal Velazquez
Pitching: RHP Sal Velazquez
Batting: LHB Wade Boggs 0-0: Called Strike
0-1: Ball
1-1: Ball
2-1: Ground out 5-3 (Groundball, 5S, EV 81.9 MPH)
Batting: SHB Willie Wilson 0-0: Ball
1-0: Called Strike
1-1: Reached on error, E5 (Groundball, 25, EV 66.9 MPH)
Batting: LHB Kent Hrbek 0-0: Ball
1-0: Called Strike
Willie Wilson steals 2nd base (no throw)
1-1: SINGLE (Line Drive, 78M, EV 101.3 MPH)
Willie Wilson to third
Runner from 3rd tries for Home, SAFE, throw by CF to home
Batting: LHB George Kaage 0-0: Called Strike
0-1: Foul Ball, location: 2F
0-2: Ball
1-2: Fielders Choice at 2nd, 6-4 (Groundball, 6M, EV 105.6 MPH)
Batting: RHB Pedro Guerrero 0-0: Ball
Wild Pitch!
George Kaage to second
1-0: Called Strike
1-1: Ground out 6-3 (Groundball, 56D, EV 105.6 MPH)
Top of the 1st over - 1 run, 1 hit, 1 error, 1 left on base; New York 1 - Boston 0
BOTTOM OF THE 1ST
Boston Red Sox batting - Pitching for New York Yankees : RHP Steve Shields
Pitching: RHP Steve Shields
Batting: SHB Harry Chappas 0-0: Ball
1-0: Called Strike
1-1: Ball
2-1: Fly out, F8 (Flyball, 89D, EV 93.1 MPH)
Batting: LHB Willie Aikens 0-0: SINGLE (Groundball, 3D, EV 105.6 MPH)
Batting: RHB Jeff Burroughs 0-0: Ball
1-0: Foul Ball, location: 2F
1-1: Called Strike
1-2: Grounds into double play, 5-4-3 (Groundball, 5, EV 88.8 MPH)
Bottom of the 1st over - 0 runs, 1 hit, 0 errors, 0 left on base; New York 1 - Boston 0
TOP OF THE 2ND
New York Yankees batting - Pitching for Boston Red Sox : RHP Sal Velazquez
Batting: SHB Tim Raines 0-0: Fly out, F4 (Line Drive, 4, EV 72.5 MPH)
Batting: RHB Rod Allen 0-0: Ball
1-0: Ball
2-0: Ball
3-0: Called Strike
3-1: Fly out, F4 (Popup, 4MD, EV 55.6 MPH)
Batting: LHB Denny Porter 0-0: Fly out, F6 (Popup, 6M, EV 53.1 MPH)
Top of the 2nd over - 0 runs, 0 hits, 0 errors, 0 left on base; New York 1 - Boston 0
BOTTOM OF THE 2ND
Boston Red Sox batting - Pitching for New York Yankees : RHP Steve Shields
Batting: SHB Orestes Destrade 0-0: Ball
1-0: Ball
2-0: Called Strike
2-1: Ball
3-1: Called Strike
3-2: Foul Ball, location: 2F
3-2: Foul Ball, location: 2F
3-2: Ground out 1-3 (Groundball, 34S, EV 69.4 MPH)
Batting: SHB Scotti Madison 0-0: Ball
1-0: Swinging Strike
1-1: Ball
2-1: Foul Ball, location: 2F
2-2: Strikes out looking
Batting: RHB Devin Pike 0-0: Called Strike
0-1: Ball
1-1: Called Strike
1-2: Ball
2-2: Fly out, F9 (Line Drive, 9, EV 95.0 MPH)
Bottom of the 2nd over - 0 runs, 0 hits, 0 errors, 0 left on base; New York 1 - Boston 0
TOP OF THE 3RD
New York Yankees batting - Pitching for Boston Red Sox : RHP Sal Velazquez
Batting: RHB Emanuel Cortez 0-0: Fly out, F9 (Flyball, 9S, EV 88.1 MPH)
Batting: LHB Wade Boggs 0-0: Called Strike
0-1: Ball
1-1: Ball
2-1: Foul Ball, location: 2F
2-2: Ground out 5-3 (Groundball, 5, EV 110.6 MPH)
Batting: SHB Willie Wilson 0-0: Fly out, F8 (Flyball, 78D, EV 75.6 MPH)
Top of the 3rd over - 0 runs, 0 hits, 0 errors, 0 left on base; New York 1 - Boston 0
BOTTOM OF THE 3RD
Boston Red Sox batting - Pitching for New York Yankees : RHP Steve Shields
Batting: RHB Josh Grimes 0-0: Ball
1-0: Called Strike
1-1: Ground out 6-3 (Groundball, 6, EV 103.8 MPH)
Batting: LHB Daryl Sconiers 0-0: Called Strike
0-1: Foul Ball, location: 2F
0-2: Fly out, F8 (Line Drive, 8RD, EV 90.6 MPH)
Batting: SHB Nelson Norman 0-0: Ball
1-0: Ground out 6-3 (Groundball, 6M, EV 85.0 MPH)
Bottom of the 3rd over - 0 runs, 0 hits, 0 errors, 0 left on base; New York 1 - Boston 0
TOP OF THE 4TH
New York Yankees batting - Pitching for Boston Red Sox : RHP Sal Velazquez
Batting: LHB Kent Hrbek 0-0: Called Strike
0-1: Ball
1-1: Ground out 6-3 (Groundball, 6S, EV 81.9 MPH)
Batting: LHB George Kaage 0-0: Ball
1-0: Swinging Strike
1-1: Foul Ball, location: 2F
1-2: Foul Ball, location: 2F
1-2: Foul Ball, location: 2F
1-2: Ball
2-2: Ball
3-2: Strikes out swinging
Batting: RHB Pedro Guerrero 0-0: Ball
1-0: Swinging Strike
1-1: Ground out 6-3 (Groundball, 6MD, EV 102.5 MPH)
Top of the 4th over - 0 runs, 0 hits, 0 errors, 0 left on base; New York 1 - Boston 0
BOTTOM OF THE 4TH
Boston Red Sox batting - Pitching for New York Yankees : RHP Steve Shields
Batting: SHB Harry Chappas 0-0: Fly out, F6 (Popup, 6MD, EV 49.4 MPH)
Batting: LHB Willie Aikens 0-0: Called Strike
0-1: Ground out U3 (Groundball, 3L, EV 90.0 MPH)
Batting: RHB Jeff Burroughs 0-0: Ball
1-0: Ball
2-0: Foul Ball, location: 2F
2-1: Foul Ball, location: 2F
2-2: Ball
3-2: Fly out, F9 (Line Drive, 9, EV 95.0 MPH)
Bottom of the 4th over - 0 runs, 0 hits, 0 errors, 0 left on base; New York 1 - Boston 0
TOP OF THE 5TH
New York Yankees batting - Pitching for Boston Red Sox : RHP Sal Velazquez
Batting: SHB Tim Raines 0-0: Ball
1-0: Ball
2-0: Reached on error, E4 (Groundball, 4, EV 83.1 MPH)
Batting: RHB Rod Allen 0-0: Ball
1-0: Fielders Choice at 2nd, 6-4 (Groundball, 6MD, EV 106.3 MPH)
Batting: LHB Denny Porter 0-0: Called Strike
0-1: Swinging Strike
0-2: Foul Ball, location: 2F
0-2: Ball
1-2: Strikes out swinging
Batting: RHB Emanuel Cortez 0-0: Called Strike
0-1: Ball
1-1: Ball
2-1: Fly out, F9 (Flyball, 9S, EV 88.8 MPH)
Top of the 5th over - 0 runs, 0 hits, 1 error, 1 left on base; New York 1 - Boston 0
BOTTOM OF THE 5TH
Boston Red Sox batting - Pitching for New York Yankees : RHP Steve Shields
Batting: SHB Orestes Destrade 0-0: Called Strike
0-1: Swinging Strike
0-2: Ball
1-2: Ball
2-2: Strikes out swinging
Batting: SHB Scotti Madison 0-0: Ball
1-0: Called Strike
1-1: Ball
2-1: Called Strike
2-2: Strikes out swinging
Batting: RHB Devin Pike 0-0: Ball
1-0: Ball
2-0: DOUBLE (Line Drive, 9LM, EV 103.8 MPH)
Batting: RHB Josh Grimes 0-0: Ground out 1-3 (Groundball, 15S, EV 68.8 MPH)
Bottom of the 5th over - 0 runs, 1 hit, 0 errors, 1 left on base; New York 1 - Boston 0
TOP OF THE 6TH
New York Yankees batting - Pitching for Boston Red Sox : RHP Sal Velazquez
Batting: LHB Wade Boggs 0-0: Ball
1-0: Ball
2-0: Ball
3-0: Base on Balls
Batting: SHB Willie Wilson 0-0: Ball
1-0: Ball
2-0: Bunt - Flyout to 15! F1
Batting: LHB Kent Hrbek 0-0: Ball
1-0: Called Strike
1-1: Foul Ball, location: 2F
1-2: Ball
2-2: Grounds into double play, 4-6-3 (Groundball, 4, EV 108.1 MPH)
Top of the 6th over - 0 runs, 0 hits, 0 errors, 0 left on base; New York 1 - Boston 0
BOTTOM OF THE 6TH
Boston Red Sox batting - Pitching for New York Yankees : RHP Steve Shields
Batting: LHB Daryl Sconiers 0-0: Called Strike
0-1: SINGLE (Groundball, 4MS, EV 69.4 MPH) (infield hit)
Batting: SHB Nelson Norman 0-0: SINGLE (Groundball, 4MD, EV 95.6 MPH)
Daryl Sconiers to second
Runner from 2nd tries for 3rd, SAFE, throw by CF made to third
Batting: SHB Harry Chappas 0-0: Ball
1-0: Foul Ball, location: 2F
1-1: Swinging Strike
1-2: Strikes out swinging
Batting: LHB Willie Aikens 0-0: Called Strike
0-1: Ball
1-1: Grounds into double play, 4-6-3 (Groundball, 4, EV 101.9 MPH)
Bottom of the 6th over - 0 runs, 2 hits, 0 errors, 1 left on base; New York 1 - Boston 0
TOP OF THE 7TH
New York Yankees batting - Pitching for Boston Red Sox : RHP Sal Velazquez
Batting: LHB George Kaage 0-0: Ball
1-0: Ball
2-0: Ball
3-0: Called Strike
3-1: Swinging Strike
3-2: Strikes out swinging
Batting: RHB Pedro Guerrero 0-0: Foul Ball, location: 2F
0-1: Fly out, F9 (Line Drive, 9, EV 105.6 MPH)
Batting: SHB Tim Raines 0-0: Ball
1-0: Foul Ball, location: 2F
1-1: Swinging Strike
1-2: Foul Ball, location: 2F
1-2: Ball
2-2: Foul Ball, location: 2F
2-2: Strikes out looking
Top of the 7th over - 0 runs, 0 hits, 0 errors, 0 left on base; New York 1 - Boston 0
BOTTOM OF THE 7TH
Boston Red Sox batting - Pitching for New York Yankees : RHP Steve Shields
Batting: RHB Jeff Burroughs 0-0: Ball
1-0: Ball
2-0: Called Strike
2-1: Foul Ball, location: 2F
2-2: Strikes out swinging
Batting: SHB Orestes Destrade 0-0: Called Strike
0-1: SOLO HOME RUN (Flyball, 9LD, EV 103.8 MPH), Distance : 372 ft
Batting: SHB Scotti Madison 0-0: Ball
1-0: Called Strike
1-1: DOUBLE (Line Drive, 7LM, EV 93.1 MPH)
Batting: RHB Devin Pike 0-0: Intentional Walk
Batting: RHB Josh Grimes 0-0: Grounds into double play, 6-4-3 (Groundball, 6, EV 100.6 MPH)
Bottom of the 7th over - 1 run, 2 hits, 0 errors, 1 left on base; New York 1 - Boston 1
TOP OF THE 8TH
New York Yankees batting - Pitching for Boston Red Sox : RHP Sal Velazquez
Batting: RHB Rod Allen 0-0: Fly out, F8 (Flyball, 8LS, EV 85.6 MPH)
Batting: LHB Denny Porter 0-0: Called Strike
0-1: Ball
1-1: Fly out, F5 (Popup, 56, EV 83.1 MPH)
Batting: RHB Emanuel Cortez 0-0: Called Strike
0-1: Called Strike
0-2: Ball
1-2: Foul Ball, location: 2F
1-2: Ball
2-2: Fly out, F5 (Line Drive, 5, EV 70.0 MPH)
Top of the 8th over - 0 runs, 0 hits, 0 errors, 0 left on base; New York 1 - Boston 1
BOTTOM OF THE 8TH
Boston Red Sox batting - Pitching for New York Yankees : RHP Steve Shields
Batting: LHB Daryl Sconiers 0-0: Ground out 6-3 (Groundball, 6S, EV 78.1 MPH)
Batting: SHB Nelson Norman 0-0: Ball
1-0: SOLO HOME RUN (Flyball, 89XD, EV 95.0 MPH), Distance : 460 ft
Batting: SHB Harry Chappas 0-0: Ball
1-0: Ball
2-0: Ground out U3 (Groundball, 34, EV 100.6 MPH)
Batting: LHB Willie Aikens 0-0: Fly out, F8 (Flyball, 8LXD, EV 107.5 MPH)
Bottom of the 8th over - 1 run, 1 hit, 0 errors, 0 left on base; New York 1 - Boston 2
TOP OF THE 9TH
New York Yankees batting - Pitching for Boston Red Sox : RHP Sal Velazquez
Now at 3B: Kevin Klettke
Batting: LHB Wade Boggs 0-0: Foul Ball, location: 2F
0-1: Ball
1-1: Foul Ball, location: 2F
1-2: Fly out, F9 (Line Drive, 9D, EV 94.4 MPH)
Batting: SHB Willie Wilson 0-0: Swinging Strike
0-1: Ball
1-1: Ball
2-1: Called Strike
2-2: Ball
3-2: Foul Ball, location: 2F
3-2: Base on Balls
Batting: LHB Kent Hrbek 0-0: Called Strike
Pickoff Throw to First - Out! 1-3
0-1: Foul Ball, location: 2F
0-2: SINGLE (Line Drive, 8LS, EV 103.1 MPH)
Pitching: RHP Bruce Sutter
Pinch Runner at 1st Jerry Manuel:
Batting: LHB George Kaage 0-0: Ball
1-0: Foul Ball, location: 2F
1-1: Ball
2-1: Ball
3-1: Foul Ball, location: 2F
3-2: SINGLE (Flyball, 78D, EV 88.1 MPH)
Jerry Manuel to second
Jerry Manuel to third
Batting: RHB Pedro Guerrero 0-0: Foul Ball, location: 2F
0-1: Ball
1-1: Foul Ball, location: 2F
1-2: Fly out, F9 (Flyball, 9LD, EV 93.8 MPH)
Top of the 9th over - 0 runs, 2 hits, 0 errors, 2 left on base; New York 1 - Boston 2
Wednesday, September 2nd, 2020 - OOTP Baseball 21.5 Build 76